 Dungeon Crawl Stone Soup version 0.28.0 (webtiles) character file.

Game seed: 5204552310802667144

176 AmazingTV the Skirmisher (level 5, 0/47 HPs)
             Began as a Minotaur Fighter on July 13, 2022.
             Slain by a hound zombie (2 damage)
             ... on level 4 of the Dungeon.
             The game lasted 00:05:53 (3100 turns).

AmazingTV the Skirmisher (Minotaur Fighter)         Turns: 3100, Time: 00:05:53

Health: 0/47       AC:  7    Str: 22    XL:     5   Next: 30%
Magic:  4/4        EV:  9    Int:  5    God:
Gold:   94         SH:  4    Dex: 10    Spells: 4/4 levels left

rFire   . . .      SeeInvis .   a - +0 flail {mace}
rCold   . . .      Faith    .   c - +0 buckler
rNeg    . . .      Spirit   .   b - +0 scale mail
rPois   .          Reflect  .   (helmet restricted)
rElec   .          Harm     .   (no cloak)
rCorr   .          Rampage  .   (no gloves)
Will    .....                   (no boots)
Stlth   ..........              (no amulet)
HPRegen 0.15/turn               (no ring)
MPRegen 0.09/turn               (no ring)

@: no status effects
A: horns 2, retaliatory headbutt
a: no special abilities


You were on level 4 of the Dungeon.
You visited 1 branch of the dungeon, and saw 4 of its levels.

You collected 94 gold pieces.


Innate Abilities, Weirdness & Mutations

You have a pair of horns on your head.
You reflexively headbutt those who attack you in melee.


   Skills:
 + Level 4.5 Fighting
 + Level 3.4 Maces & Flails
 + Level 2.0(2.4) Slings
 + Level 1.8(2.2) Throwing
 + Level 4.4 Armour
 + Level 4.3 Shields


You had 4 spell levels left.
You didn't know any spells.
Your spell library was empty.

Inventory:

Hand Weapons
 a - a +0 flail (weapon) {mace}
 h - a +1 short sword of protection {short}
   (You took it off a kobold on level 1 of the Dungeon)
 s - a +1 vorpal spear {polearm}
   (You took it off a gnoll on level 3 of the Dungeon)
Missiles
 f - 75 stones (quivered)
 g - 25 arrows
 i - 32 sling bullets
 n - 36 bolts
Armour
 b - a +0 scale mail (worn)
 c - a +0 buckler (worn)
Jewellery
 k - a ring of fire
   (You found it on level 2 of the Dungeon)
 o - a ring of ice
   (You found it on level 3 of the Dungeon)
Scrolls
 m - a scroll of amnesia {unknown}
 p - a scroll of enchant armour {unknown}
 r - a scroll of identify {unknown}
 t - a scroll of magic mapping {unknown}
Potions
 d - 2 potions of might
 e - a potion of berserk rage {unknown}
 j - 2 potions of heal wounds {unknown}
 l - 2 potions of ambrosia {unknown}
 q - 2 potions of flight {unknown}

Dungeon Overview and Level Annotations

Branches:
Dungeon (4/15)
 Temple: D:4-7

Altars:
Fedhas

Shops:
D:2

: ## ..# #.# #..
##.# ..# ...#
#.# #..##.#
#.....# #.....##
###..8.@.# #
......ZgZ###.#
##.....g#.O..###
#...........)...
######..########
#..# #..#
########..#
.......<..######


You could see an ogre, a hound zombie, a centaur zombie and 2 hobgoblins.


Message History

* * * LOW HITPOINT WARNING * * *
The adder closely misses you. You furiously retaliate!
You headbutt the adder. 😨 HP[-2]
You take 2 damage, and now have 15/47 hp.
You hit the adder but do no damage. Your headbutt misses the adder.
You feel sick. The adder bites you.
* * * LOW HITPOINT WARNING * * *
The adder closely misses you. 😱 HP[-4]
You take 4 damage, and now have 11/47 hp.
You closely miss the adder. You headbutt the adder!
You kill the adder!
You feel sick.
You are no longer poisoned. 😱 HP[-1]
You take 1 damage, and now have 10/47 hp.
You miss the frilled lizard.
Your headbutt misses the frilled lizard.
The frilled lizard bites you but does no damage.
You block the frilled lizard's attack.
You hit the frilled lizard.
You kill the frilled lizard!
You start resting. 😎 HP[+37]
Your hp is fully restored (47).
You see here a frilled lizard skeleton.
You now have 85 gold pieces (gained 10).
t - a scroll labelled LAIRYG QOMEIG Done exploring.
(D) Dungeon
Where to? (Enter - D:3, ? - help)
What level of the Dungeon? (default 1, ? - help)
You see here a frilled lizard skeleton.
There is an open door here.
Things that are here:
a rat skeleton; a ball python skeleton
There is a stone staircase leading down here.
You climb downwards.
There is a stone staircase leading up here.
An ogre comes into view. It is wielding a +0 giant club.
The ogre shouts!
An adder comes into view.
You see here a fuming white potion.
No other quiver actions available for cycling.
No other quiver actions available for cycling.
No other quiver actions available for cycling.
No other quiver actions available for cycling.
You see here 9 gold pieces.
You now have 94 gold pieces (gained 9).
The adder hisses angrily.
You miss the adder. The adder bites you but does no damage.
You closely miss the adder. The adder closely misses you.
You block the adder's attack.
You miss the adder. Your headbutt misses the adder.
The adder bites you but does no damage. You block the ogre's attack.
The adder bites you but does no damage.
You barely miss the adder. The adder bites you.
You are poisoned.
The adder poisons you!
The ogre completely misses you. 😕 HP[-2]
You take 2 damage, and now have 45/47 hp.
You sock the adder!
You feel sick. The adder bites you. The adder barely misses you.
You furiously retaliate!
You headbutt the adder.
You kill the adder!
The ogre hits you with a +0 giant club.
Your Slings skill increases to level 2! 😕 HP[-5]
You take 5 damage, and now have 40/47 hp.
You feel sick. 😕 HP[-1]
You take 1 damage, and now have 39/47 hp.
You feel sick.
You are no longer poisoned.
You barely miss the ogre. You headbutt the ogre.
The ogre hits you with a +0 giant club!!
* * * LOW HITPOINT WARNING * * *
😨 HP[-22]
You take 22 damage, and now have 17/47 hp.
MASSIVE DAMAGE!! (PAUSE)
You sock the ogre! Your headbutt misses the ogre. You block the ogre's attack.
You hit the ogre but do no damage. The ogre hits you with a +0 giant club!
* * * LOW HITPOINT WARNING * * *
😱 HP[-16]
You take 16 damage, and now have 1/47 hp.
MASSIVE DAMAGE!! (PAUSE)
A hound zombie comes into view.
A centaur zombie and a hobgoblin come into view.
The hobgoblin shouts!
You hear a shout! 😱 HP[+1]
A hobgoblin comes into view.
The hobgoblin shouts!
The hound zombie bites you but does no damage.
You block the hobgoblin's attack. The hound zombie barely misses you.
The hound zombie barely misses you.
The hobgoblin hits you but does no damage.
The centaur zombie closely misses you.
The centaur zombie kicks you but does no damage.
The hound zombie bites you.
You die...

Skill      XL: |  1  2  3  4  5 |
---------------+----------------+-----
Fighting       | 4 |  4.5
Slings         | 1 2 |  2.0
Throwing       | 1 |  1.8
Armour         | 4 |  4.4
Maces & Flails | 3 |  3.4
Shields        | 4 |  4.3

Action                   |  1- 3 |  4- 6 || total
-------------------------+-------+-------++-------
Melee: Flail             |    96 |    76 ||   172
       Headbutt          |    11 |     9 ||    20
Armor: Scale mail        |    63 |    31 ||    94
Dodge: Dodged            |    53 |    33 ||    86
Block: Buckler           |    22 |    19 ||    41

Levels and vault maps discovered:
D:1:      dpeg_arrival_castle, layout_rooms
D:2:      layout_loops_ring, dreamdust_ecumenical_altar_angels_and_demons,
          serial_shops, nicolae_shop_behind_doors, basic_altar, kennysheep_boxes
D:3:      minmay_wonky_spiral, layout_loops_ring, kennysheep_generic_room_4
D:4:      layout_loops_ring, serial_undead, serial_undead_c, serial_undead_a,
          serial_undead_d, serial_undead_f, st_stairs_8

Notes
Turn   | Place    | Note
-------+----------+-------------------------------------------
     0 | D:1      | AmazingTV the Minotaur Fighter began the quest for the Orb.
     0 | D:1      | Reached XP level 1. HP: 19/19 MP: 0/0
     0 | D:1      | magus.rc [v1.9.6]
   206 | D:1      | Reached XP level 2. HP: 27/27 MP: 1/1
   782 | D:1      | Reached skill level 4 in Fighting
   843 | D:1      | Reached XP level 3. HP: 30/33 MP: 2/2
   931 | D:2      | Found a blossoming altar of Fedhas.
   944 | D:2      | Reached skill level 1 in Slings
   944 | D:2      | Reached skill level 1 in Throwing
   976 | D:2      | Reached skill level 4 in Armour
  1122 | D:2      | Found Urahaod's Book Emporium.
  1193 | D:2      | Reached skill level 3 in Maces & Flails
  1208 | D:2      | Found a faded altar of an unknown god.
  1370 | D:2      | Reached skill level 4 in Shields
  1587 | D:3      | Reached XP level 4. HP: 36/40 MP: 3/3
  2111 | D:3      | HP: 7/41 [gnoll (6)]
  2374 | D:3      | Reached XP level 5. HP: 38/47 MP: 4/4
  2753 | D:3      | HP: 11/47 [adder (2)]
  3059 | D:4      | Noticed an ogre
  3082 | D:4      | Reached skill level 2 in Slings
  3091 | D:4      | HP: 1/47 [ogre (16)]
  3100 | D:4      | Slain by a hound zombie

Vanquished Creatures
  8 adders
  4 gnolls (D:3)
  A worm (D:3)
  6 endoplasms
  A giant cockroach (D:1)
  3 goblins
  6 hobgoblins
  12 kobolds
  2 quokkas
  3 ball pythons
  9 bats
  7 frilled lizards
  7 rats
69 creatures vanquished.

Table legend:
 A = Non-vault XP
 B = Vault XP
 C = Vault XP percentage of total XP
 D = Non-vault monster count
 E = Vault monster count
 F = Vault count percentage of total count
                 A         B        C        D         E       F
            +---------+---------+-------+---------+---------+-------
      Total |     221 |      31 |  12.3 |      63 |       6 |   8.7
            +---------+---------+-------+---------+---------+-------
        D:1 |      43 |       0 |   0.0 |      26 |       0 |   0.0
        D:2 |      43 |       0 |   0.0 |      14 |       0 |   0.0
        D:3 |     122 |      31 |  20.3 |      22 |       6 |  21.4
        D:4 |      13 |       0 |   0.0 |       1 |       0 |   0.0
            +---------+---------+-------+---------+---------+-------

Illustrated notes

Table legend:
 A = Kills in this place as a percentage of kills in entire the game.
 B = Kills by you in this place as a percentage of kills by you in the entire game.
 C = Kills by friends in this place as a percentage of kills by friends in the entire game.
 D = Other kills in this place as a percentage of other kills in the entire game.
 E = Experience gained in this place as a percentage of experience gained in the entire game.
 F = Experience gained in this place divided by the number of levels of this place that you have seen.
                   A       B       C       D       E      F
               +-------+-------+-------+-------+-------+----------------------
         Total | 100.0 | 100.0 |   N/A |   N/A | 100.0 |  63.0
       Dungeon | 100.0 | 100.0 |   N/A |   N/A | 100.0 |  63.0
               +-------+-------+-------+-------+-------+----------------------

Table legend: (Time is in decaauts)
 A = Elapsed time spent in this place.
 B = Non-inter-level travel time spent in this place.
 C = Inter-level travel time spent in this place.
 D = Time resting spent in this place.
 E = Time spent auto-exploring this place.
 F = Levels seen in this place.
 G = Mean time per level.
                   A        B        C        D        E       F      G
               +--------+--------+--------+--------+--------+-----+--------+
         Total |   3156 |   3048 |    108 |    698 |   1777 |   4 |  789.0 |
       Dungeon |   3156 |   3048 |    108 |    698 |   1777 |   4 |  789.0 |
               +--------+--------+--------+--------+--------+-----+--------+

Top non-repeatable levels by time:
     D:3: 1298 daAuts
     D:1: 939 daAuts
     D:2: 874 daAuts
     D:4: 45 daAuts
